[Event "KP 2024/25,Lazne Belohrad-SK Lomnice"]
[Site "?"]
[Date "2024.10.20"]
[Round "1.1"]
[White "Kykal, Vojtech"]
[Black "Novotny, Jaroslav"]
[Result "0-1"]
[ECO "D35"]
[WhiteElo "2027"]
[BlackElo "2156"]
[Annotator "user"]
[PlyCount "84"]
[EventDate "2024.??.??"]
[TimeControl "240+2"]

{587MB} 1. c4 e6 2. Nc3 d5 3. d4 Nf6 4. Nf3 Nbd7 5. cxd5 exd5
6. Bf4 c6 7. e3 Be7 8. Bd3 Nh5 9. Bg3 g6 10. Qc2 Ndf6 11. Be5 Ng7 12. h3 Bf5
13. Bxf5 Nxf5 14. O-O-O O-O 15. g4 Ng7 16. Rdg1 Qd7 17. Bxf6 Bxf6 18. h4 h5 19.
gxh5 Nxh5 20. Ne2 Kg7 21. Nf4 Rh8 22. Ne5 Bxe5 23. dxe5 Nxf4 24. exf4 Rh5 25.
Rg5 Rah8 26. Rhg1 Rxg5 27. hxg5 Rh4 28. Qc3 d4 29. Qg3 Rh3 30. Qg2 Qf5 31. Rd1
Qxf4+ 32. Kb1 Rh4 33. f3 Qxe5 34. Qd2 Qf5+ 35. Ka1 Qxf3 36. a3 c5 37. Re1 Rh1
38. Rxh1 Qxh1+ 39. Ka2 Qd5+ 40. Ka1 d3 41. Kb1 Qd4 42. b3 b5 0-1

[Event "KP 2024/25,Lazne Belohrad-SK Lomnice"]
[Site "?"]
[Date "2024.10.20"]
[Round "1.2"]
[White "Blazek, Dusan"]
[Black "Korinek, Pavel"]
[Result "1/2-1/2"]
[ECO "A30"]
[WhiteElo "2092"]
[BlackElo "1972"]
[Annotator "user"]
[PlyCount "37"]
[EventDate "2024.??.??"]
[TimeControl "240+2"]

{587MB} 1. Nf3 Nf6 2. b3 b6 3. Bb2 Bb7 4. e3 e6 5. c4 c5 6. Nc3 Be7 7. Be2 O-O
8. O-O d6 {(=)} 9. d4 Nbd7 10. Rc1 a6 11. Qc2 Qc7 12. Rfd1 Rfd8 13. h3 Rac8 14.
Ne1 Qb8 15. Qb1 Qa8 {(=)} 16. Bf3 Bf8 17. a4 cxd4 18. exd4 d5 19. Ne2 1/2-1/2

[Event "KP 2024/25,Lazne Belohrad-SK Lomnice"]
[Site "?"]
[Date "2024.10.20"]
[Round "1.3"]
[White "Dupenopulos, Karel"]
[Black "Volman, Vaclav"]
[Result "1/2-1/2"]
[ECO "D35"]
[WhiteElo "1868"]
[BlackElo "1970"]
[Annotator "user"]
[PlyCount "80"]
[EventDate "2024.??.??"]
[TimeControl "240+2"]

{587MB} 1. d4 d5 2. Nf3 Nf6 3. c4 e6 4. Nc3 c6 5. cxd5 exd5 6. Bg5 Be7 7. e3
Bf5 8. Bd3 Bxd3 9. Qxd3 Nbd7 10. O-O O-O 11. a3 a5 12. Rfb1 a4 13. b4 b5 14.
Bxf6 Bxf6 15. Rc1 Nb6 16. Nd2 Nc4 17. Nxc4 dxc4 18. Qf5 Qc8 19. Qf3 Rb8 20. Ne4
Be7 21. Ra2 Rd8 22. Nc3 Qe6 23. Qe4 Qxe4 24. Nxe4 f5 25. Nc3 Bf6 26. g3 Rd7 27.
Kg2 Re8 28. h4 Kf7 29. Ne2 g6 30. Rac2 h6 31. Rh1 Rh8 32. Kf3 Rdd8 33. Rcc1 g5
34. hxg5 hxg5 35. Nc3 Kg6 36. Rcg1 Rde8 37. Ne2 Rd8 38. Nc3 Rxh1 39. Rxh1 Rd7
40. Ne2 Rd8 1/2-1/2

[Event "KP 2024/25,Lazne Belohrad-SK Lomnice"]
[Site "?"]
[Date "2024.10.20"]
[Round "1.4"]
[White "Blaha, Milan"]
[Black "Marhold, Vojtech"]
[Result "0-1"]
[ECO "E55"]
[WhiteElo "1959"]
[BlackElo "1728"]
[Annotator "user"]
[PlyCount "56"]
[EventDate "2024.??.??"]
[TimeControl "240+2"]

{587MB} 1. d4 Nf6 2. Nf3 d5 3. c4 e6 4. Nc3 Bb4 5. e3 O-O 6. Bd3 dxc4 7. Bxc4
b6 8. O-O Bb7 9. Qe2 Nbd7 10. a3 Bxc3 11. bxc3 Ne4 12. Bb2 c5 13. Bd3 Ndf6 14.
Ne5 Nd7 15. f3 Nef6 16. Nxd7 Nxd7 17. e4 Qe7 18. f4 Rfd8 19. Rf3 Nf8 20. Rg3
Ng6 21. Re1 Nxf4 22. Qg4 Ng6 23. Rf1 cxd4 24. cxd4 Qh4 25. Qf3 f5 26. Rh3 Bxe4
27. Qe3 Qg4 28. Be2 Qxg2# 0-1

[Event "KP 2024/25,Lazne Belohrad-SK Lomnice"]
[Site "?"]
[Date "2024.10.20"]
[Round "1.5"]
[White "Groh, Ladislav"]
[Black "Spinka, Petr"]
[Result "0-1"]
[ECO "D02"]
[WhiteElo "1825"]
[BlackElo "1960"]
[Annotator "user"]
[PlyCount "60"]
[EventDate "2024.??.??"]
[TimeControl "240+2"]

{587MB} 1. Nf3 d5 2. d4 Nf6 3. Bf4 c6 4. e3 Qb6 5. b3 Bg4 6. Bd3 e6 7. O-O Nbd7
8. Nbd2 Bb4 9. c4 c5 10. Qc2 Bxd2 11. dxc5 Qxc5 12. Qxd2 Bxf3 13. gxf3 e5 14.
Bg3 h5 15. h4 Rd8 16. Qb2 Rg8 17. Bxe5 dxc4 18. Bd4 Qc6 19. Be2 g5 20. Rac1
gxh4+ 21. Kh1 Qe6 22. Kh2 cxb3 23. Bc4 Qd6+ 24. Kh3 Rg3+ 25. Kxh4 Rxf3 26. Rg1
Qh2+ 27. Kg5 Ne4+ 28. Kh6 Qd6+ 29. Kh7 Ndf6+ 30. Kg7 Qf8# 0-1

[Event "KP 2024/25,Lazne Belohrad-SK Lomnice"]
[Site "?"]
[Date "2024.10.20"]
[Round "1.6"]
[White "Laska, Tomas"]
[Black "Kykal, Zbynek"]
[Result "1-0"]
[ECO "B19"]
[WhiteElo "1884"]
[BlackElo "1852"]
[Annotator "user"]
[PlyCount "43"]
[EventDate "2024.??.??"]
[TimeControl "240+2"]

{587MB} 1. e4 c6 2. d4 d5 3. Nc3 dxe4 4. Nxe4 Bf5 5. Ng3 Bg6 6. Nf3 Nf6 7. h4
h6 8. Ne5 Bh7 9. Bc4 e6 10. Qe2 Nd5 11. c3 Be7 12. Qg4 Bf6 13. Nh5 Bxe5 14.
dxe5 g6 15. Bxd5 gxh5 16. Qg7 Ke7 17. Bxh6 Qg8 18. Qf6+ Ke8 19. Bg5 Kf8 20.
Bxe6 Bg6 21. O-O-O Na6 22. Qe7+ 1-0

[Event "KP 2024/25,Lazne Belohrad-SK Lomnice"]
[Site "?"]
[Date "2024.10.20"]
[Round "1.7"]
[White "Pochop, Karel"]
[Black "Pospisil, Jiri"]
[Result "0-1"]
[ECO "A05"]
[WhiteElo "1837"]
[BlackElo "1837"]
[Annotator "user"]
[PlyCount "100"]
[EventDate "2024.??.??"]
[TimeControl "240+2"]

{587MB} 1. Nf3 c5 2. b3 e6 3. e3 Nc6 4. Bb2 Nf6 5. Bb5 Be7 6. Bxc6 bxc6 7. d3
O-O 8. Nbd2 d6 9. Qe2 a5 10. a4 Nd5 11. Nc4 Ba6 12. Nfd2 Nb4 13. Rc1 f5 14. O-O
Bf6 15. f4 Bxb2 16. Nxb2 Na2 17. Rce1 d5 18. Ra1 Nc3 19. Qe1 Qf6 20. Nf3 Ne2+
21. Qxe2 Qxb2 22. Ne5 Qc3 23. Rfd1 Rac8 24. Qd2 Qxd2 25. Rxd2 Rfd8 26. Rad1 Kf8
27. Kf2 Ke7 28. Kf3 Kf6 29. g4 g5 30. h4 gxf4 31. exf4 fxg4+ 32. Nxg4+ Ke7 33.
Re1 c4 34. f5 Rd6 35. dxc4 h5 36. Ne3 Rf8 37. cxd5 cxd5 38. Nxd5+ Kd8 39. Nf4
Rxd2 40. Nxe6+ Ke7 41. Nc5+ Kf7 42. Nxa6 Rc8 43. b4 Rcxc2 44. Kf4 axb4 45. Nxb4
Rc4+ 46. Re4 Rdd4 47. Rxd4 Rxd4+ 48. Kg5 Rxb4 49. a5 Ra4 50. Kxh5 Kf6 0-1

[Event "KP 2024/25,Lazne Belohrad-SK Lomnice"]
[Site "?"]
[Date "2024.10.20"]
[Round "1.8"]
[White "Hyska, Pavel"]
[Black "Kopysov, Filip"]
[Result "1-0"]
[ECO "C47"]
[WhiteElo "1859"]
[BlackElo "1280"]
[Annotator "user"]
[PlyCount "75"]
[EventDate "2024.??.??"]
[TimeControl "240+2"]

{587MB} 1. e4 e5 2. Nf3 Nc6 3. Nc3 Nf6 4. d4 Bd6 5. Bb5 exd4 6. Nxd4 Nxd4 7.
Qxd4 O-O 8. Bg5 c6 9. Qxd6 cxb5 10. O-O h6 11. Bxf6 gxf6 12. Nxb5 Qb6 13. Qxb6
axb6 14. Nd6 Ra4 15. f3 Rd4 16. Rfd1 Rb4 17. b3 f5 18. c3 Rb5 19. Nxb5 d6 20.
Nxd6 Be6 21. Nxf5 Kh7 22. Nd6 Rg8 23. Kf2 Kg6 24. Nxb7 f5 25. Rd6 Kf6 26. Nd8
Ke7 27. Rxe6+ Kxd8 28. exf5 Kc7 29. Rd1 h5 30. f6 Rg5 31. c4 Rf5 32. Rd5 Rxd5
33. cxd5 Kb7 34. f7 h4 35. f8=Q Ka6 36. Qd6 Ka7 37. Qxb6+ Ka8 38. Re8# 1-0

[Event "KP 2024/25,Jiskra N. Bydzov-J. Horice"]
[Site "?"]
[Date "2024.10.20"]
[Round "1.1"]
[White "Vanicek, Vojtech"]
[Black "Kulhanek, Jachym"]
[Result "1/2-1/2"]
[ECO "B78"]
[WhiteElo "1906"]
[BlackElo "1960"]
[Annotator "user"]
[PlyCount "56"]
[EventDate "2024.??.??"]
[TimeControl "240+2"]

{600MB, Fritz10.ctg} 1. e4 c5 2. Nf3 d6 3. d4 cxd4 4. Nxd4 Nf6 5. Nc3 g6 6. Be3
Bg7 7. Bc4 O-O 8. f3 Nc6 9. Qd2 Bd7 10. O-O-O Rc8 11. Bb3 Ne5 12. Bh6 Nc4 13.
Bxc4 Rxc4 14. Bxg7 Kxg7 15. g4 b5 16. h4 b4 17. Nd5 Nxd5 18. exd5 Qa5 19. Kb1
h6 20. Qe2 Qc5 21. Nb3 Qc7 22. Nd4 Re8 23. Nc6 Rc5 24. Nxb4 Bb5 25. Qe4 a5 26.
Nc6 Bxc6 27. dxc6 Rxc6 28. c3 Rb8 1/2-1/2

[Event "KP 2024/25,Jiskra N. Bydzov-J. Horice"]
[Site "?"]
[Date "2024.10.20"]
[Round "1.2"]
[White "Stejskal, Michal"]
[Black "Mrazek, Vladimir"]
[Result "1-0"]
[ECO "B11"]
[WhiteElo "1962"]
[BlackElo "1864"]
[Annotator "user"]
[PlyCount "81"]
[EventDate "2024.??.??"]
[TimeControl "240+2"]

{600MB, Fritz10.ctg} 1. e4 c6 2. Nf3 d5 3. Nc3 Bg4 4. exd5 cxd5 5. h3 Bxf3 6.
Qxf3 Nf6 7. d4 e6 8. Bf4 a6 9. O-O-O Nc6 10. g4 h6 11. Bg2 Bd6 12. Rhe1 Bxf4+
13. Qxf4 O-O 14. h4 Kh7 15. Bf3 Qb8 16. Qe3 Ne7 17. Rh1 b5 18. Qd3+ Kh8 19. Ne2
Ng6 20. Qe3 Qc7 21. g5 Rac8 22. Rd2 Ng8 23. Bg4 Rce8 24. f4 N6e7 25. Qf3 Qc4
26. Kb1 Qc6 27. Nc1 Qd6 28. Nd3 Nc6 29. Ne5 Nxe5 30. fxe5 Qd8 31. Qe3 Qc7 32.
Rf2 Rc8 33. Rhf1 b4 34. Bd1 Qe7 35. Rg1 Rc7 36. Be2 a5 37. Bd3 f5 38. gxf6 gxf6
39. exf6 Rxf6 40. Qe5 Rc8 41. Rxg8+ 1-0

[Event "KP 2024/25,Jiskra N. Bydzov-J. Horice"]
[Site "?"]
[Date "2024.10.20"]
[Round "1.3"]
[White "Bednar, Milos"]
[Black "Hrnciarik, Karel"]
[Result "1-0"]
[ECO "A42"]
[WhiteElo "1830"]
[BlackElo "1965"]
[Annotator "user"]
[PlyCount "75"]
[EventDate "2024.??.??"]
[TimeControl "240+2"]

{600MB, Fritz10.ctg} 1. e4 g6 2. d4 Bg7 3. Nf3 d6 4. Be2 Nd7 5. O-O e6 6. c4
Ne7 7. Nc3 O-O 8. Be3 e5 9. Qd2 exd4 10. Nxd4 Nc5 11. b4 Ne6 12. Nd5 c5 13.
Nxe6 fxe6 14. Nxe7+ Qxe7 15. Rad1 cxb4 16. Qxb4 Rd8 17. Rd2 Bf8 18. Rfd1 b6 19.
e5 d5 20. Qxe7 Bxe7 21. cxd5 exd5 22. Bf3 Be6 23. Bxd5 Bxd5 24. Rxd5 Rxd5 25.
Rxd5 Kf7 26. f4 Ke6 27. Rd1 Rc8 28. Kf2 Rc7 29. Ke2 Kf5 30. Kf3 Rc3 31. g4+ Ke6
32. Ke4 Rc4+ 33. Rd4 Rc2 34. f5+ gxf5+ 35. gxf5+ Kf7 36. e6+ Kf6 37. Rd7 Re2
38. Kf4 1-0

[Event "KP 2024/25,Jiskra N. Bydzov-J. Horice"]
[Site "?"]
[Date "2024.10.20"]
[Round "1.4"]
[White "Matonoha, Ctirad"]
[Black "Luksa, Ales"]
[Result "1/2-1/2"]
[ECO "B85"]
[WhiteElo "1998"]
[BlackElo "1714"]
[Annotator "user"]
[PlyCount "32"]
[EventDate "2024.??.??"]
[TimeControl "240+2"]

{600MB, Fritz10.ctg} 1. e4 c5 2. Nf3 Nc6 3. d4 cxd4 4. Nxd4 Nf6 5. Nc3 d6 6.
Be2 e6 7. O-O Be7 8. Kh1 O-O 9. f4 Bd7 10. Nb3 a6 11. a4 Rc8 12. a5 Nb4 13. Be3
Bc6 14. Bf3 d5 15. e5 Ne4 16. Nd4 Qd7 1/2-1/2

[Event "KP 2024/25,Jiskra N. Bydzov-J. Horice"]
[Site "?"]
[Date "2024.10.20"]
[Round "1.5"]
[White "Vanicek, Lukas"]
[Black "Rusnak, Jan"]
[Result "0-1"]
[ECO "A02"]
[WhiteElo "1819"]
[BlackElo "1968"]
[Annotator "user"]
[PlyCount "72"]
[EventDate "2024.??.??"]
[TimeControl "240+2"]

{600MB, Fritz10.ctg} 1. f4 f5 2. Nf3 Nf6 3. b3 c5 4. Bb2 Nc6 5. e3 e6 6. Bb5
Be7 7. O-O O-O 8. Nc3 Qc7 9. Ne2 Ne4 10. d3 Nd6 11. Bxc6 dxc6 12. Ng3 Bf6 13.
Qc1 b5 14. Nh5 Bxb2 15. Qxb2 Ne8 16. Ne5 Nf6 17. Nxf6+ gxf6 18. Nf3 Ba6 19. c4
Rad8 20. Rad1 Kf7 21. Qc3 Rd7 22. Rd2 Rfd8 23. Rfd1 Bc8 24. cxb5 cxb5 25. Rc1
Rd5 26. d4 Qd7 27. Qa5 c4 28. bxc4 bxc4 29. Qa3 Rb5 30. Rxc4 Rb1+ 31. Rc1 Qb5
32. Rdc2 Ba6 33. Rxb1 Qxb1+ 34. Rc1 Qb5 35. Qc5 Rc8 36. Qa3 Qd3 0-1

[Event "KP 2024/25,Jiskra N. Bydzov-J. Horice"]
[Site "?"]
[Date "2024.10.20"]
[Round "1.6"]
[White "Sedivy, Ales"]
[Black "Neklapil, Ondrej"]
[Result "1-0"]
[ECO "C27"]
[WhiteElo "1932"]
[BlackElo "1786"]
[Annotator "user"]
[PlyCount "67"]
[EventDate "2024.??.??"]
[TimeControl "240+2"]

{600MB, Fritz10.ctg} 1. e4 Nf6 2. Nc3 e5 3. Bc4 Bc5 4. Nf3 d6 5. d4 exd4 6.
Nxd4 Bg4 7. f3 Bh5 8. Bg5 h6 9. Bf4 Nbd7 10. Nf5 O-O 11. Qd2 Kh7 12. Nd5 c6 13.
Nxf6+ Nxf6 14. O-O-O Qb6 15. Kb1 Nxe4 16. fxe4 Bxd1 17. Qxd1 Qb4 18. Qg4 Bd4
19. Nxd4 Qxc4 20. Nf5 Rg8 21. Ne7 Rge8 22. Nf5 Rg8 23. Nxd6 Qd4 24. Nxf7 Rgf8
25. Rd1 Qf2 26. Ne5 Rae8 27. Qg6+ Kh8 28. Bg3 Qe2 29. Re1 Qd2 30. Rc1 Qd4 31.
Nf7+ Kg8 32. Nxh6+ Kh8 33. Nf5 Qf6 34. Qg4 1-0

[Event "KP 2024/25,Jiskra N. Bydzov-J. Horice"]
[Site "?"]
[Date "2024.10.20"]
[Round "1.7"]
[White "Ficek, Martin"]
[Black "Kohout, Jan"]
[Result "0-1"]
[ECO "B31"]
[WhiteElo "1806"]
[BlackElo "1883"]
[Annotator "user"]
[PlyCount "76"]
[EventDate "2024.??.??"]
[TimeControl "240+2"]

{600MB, Fritz10.ctg} 1. e4 c5 2. Na3 e6 3. c3 Nc6 4. Nf3 d6 5. Nc2 Nf6 6. d3
Be7 7. Be2 Qc7 8. Bf4 a6 9. Qd2 b5 10. h3 Bb7 11. Qe3 Rc8 12. O-O O-O 13. Rac1
e5 14. Bg5 Nd8 15. Bxf6 Bxf6 16. d4 Ne6 17. d5 Nf4 18. Nce1 Rce8 19. Bd1 Bc8
20. Nd3 Ng6 21. Kh2 Qd7 22. Ng1 c4 23. Bg4 Qe7 24. Bxc8 Rxc8 25. Nb4 Bg5 26.
Qe1 Bxc1 27. Qxc1 Qh4 28. Qc2 f5 29. exf5 Qf4+ 30. g3 Qxf5 31. Qxf5 Rxf5 32.
Nxa6 e4 33. Nb4 Rcf8 34. Kg2 Ne5 35. Ne2 Nd3 36. Nxd3 cxd3 37. Nf4 g5 38. Ne6
e3 0-1

[Event "KP 2024/25,Jiskra N. Bydzov-J. Horice"]
[Site "?"]
[Date "2024.10.20"]
[Round "1.8"]
[White "Matejak, Josef"]
[Black "Rozenek, Roman"]
[Result "0-1"]
[ECO "B01"]
[WhiteElo "1678"]
[BlackElo "1756"]
[Annotator "user"]
[PlyCount "74"]
[EventDate "2024.??.??"]
[TimeControl "240+2"]

{600MB, Fritz10.ctg} 1. e4 d5 2. exd5 Qxd5 3. Nc3 Qa5 4. d4 Nf6 5. Nf3 Bf5 6.
Bd2 c6 7. Be2 Nbd7 8. a3 e6 9. h3 Be7 10. O-O Qc7 11. Nh4 Bg6 12. Nxg6 hxg6 13.
Bg5 Nb6 14. Qd3 Nfd5 15. Bxe7 Qxe7 16. Nxd5 Nxd5 17. Qg3 f5 18. Qxg6+ Kd7 19.
Qg3 g5 20. f4 gxf4 21. Rxf4 Nxf4 22. Qxf4 Rag8 23. Kh2 Rh4 24. Qf2 Qd6+ 25. Kh1
Rxd4 26. Bd3 Kc7 27. Re1 Re8 28. Qe3 f4 29. Qe5 Qxe5 30. Rxe5 Kd6 31. Rg5 e5
32. Bf5 e4 33. c3 Rd1+ 34. Kh2 e3 35. Bg4 e2 36. Bxe2 Rxe2 37. h4 f3 0-1

[Event "KP 2024/25,Lazne Belohrad-TJ Nachod B"]
[Site "?"]
[Date "2024.11.24"]
[Round "3.1"]
[White "Sveda, Lubomir"]
[Black "Cerha, Michal"]
[Result "1-0"]
[ECO "B07"]
[WhiteElo "1896"]
[BlackElo "1981"]
[Annotator "user"]
[PlyCount "57"]
[EventDate "2024.??.??"]
[TimeControl "40/5400+30:900+30"]

{587MB} 1. e4 d6 2. d4 Nf6 3. Bd3 Nbd7 4. f4 e5 5. c3 Be7 6.
Nf3 exf4 7. Bxf4 h6 8. O-O g5 9. Bg3 Nh5 10. Ne5 Ndf6 11. Nxf7 Nxg3 12. Nxd8
Nxf1 13. Qxf1 Kxd8 14. Nd2 Rf8 15. Qe2 Bg4 16. Qe3 Kd7 17. Rf1 Rae8 18. c4 Nh5
19. Rxf8 Rxf8 20. h3 Be6 21. d5 Bg8 22. Qxa7 Bf6 23. Nf3 Bxb2 24. Qxb7 Bc1 25.
c5 Be3+ 26. Kh2 Bf4+ 27. Kg1 dxc5 28. Bb5+ Ke7 29. e5 1-0

[Event "KP 2024/25,Lazne Belohrad-TJ Nachod B"]
[Site "?"]
[Date "2024.11.24"]
[Round "3.2"]
[White "Mojzis, Jan"]
[Black "Nalevka, Petr"]
[Result "1-0"]
[ECO "C06"]
[WhiteElo "2041"]
[BlackElo "1965"]
[Annotator "user"]
[PlyCount "95"]
[EventDate "2024.??.??"]
[TimeControl "40/5400+30:900+30"]

{587MB} 1. e4 e6 2. d4 d5 3. Nd2 Nf6 4. e5 Nfd7 5. Bd3 c5 6. c3 Nc6 7. Ne2 Qb6
8. Nf3 cxd4 9. cxd4 Bb4+ 10. Bd2 O-O 11. O-O f6 12. exf6 Nxf6 13. Rc1 Bd7 14.
Bb1 Bxd2 15. Qxd2 Rae8 16. Nc3 Re7 17. Rfe1 a6 18. Na4 Qd8 19. Nc5 Bc8 20. h3
Qe8 21. Ne5 Nxe5 22. dxe5 Nd7 23. Qg5 Nxc5 24. Rxc5 Ref7 25. f3 Bd7 26. Rd1 Bc6
27. Rd4 Qe7 28. Qxe7 Rxe7 29. Kf2 g6 30. Ke3 Bb5 31. a4 Be8 32. Bd3 Kg7 33. b3
g5 34. h4 gxh4 35. Rxh4 Bg6 36. Be2 Ref7 37. g3 Rd7 38. Kd4 Rdf7 39. f4 Re7 40.
a5 Rff7 41. Rh1 Rc7 42. Rhc1 Rxc5 43. Rxc5 Bf5 44. b4 Kg6 45. Rc8 Be4 46. b5
axb5 47. Bxb5 Kf5 48. Be2 1-0

[Event "KP 2024/25,Lazne Belohrad-TJ Nachod B"]
[Site "?"]
[Date "2024.11.24"]
[Round "3.3"]
[White "Korinek, Pavel"]
[Black "Semerak, Pavel"]
[Result "1-0"]
[ECO "B07"]
[WhiteElo "1982"]
[BlackElo "1968"]
[Annotator "user"]
[PlyCount "85"]
[EventDate "2024.??.??"]
[TimeControl "40/5400+30:900+30"]

{587MB} 1. e4 d6 2. d4 Nf6 3. Bd3 e5 4. Nf3 exd4 5. Nxd4 g6 6. O-O Bg7 7. c3
Nbd7 8. Re1 O-O 9. Nd2 Re8 10. Bc2 a6 11. Nf1 d5 12. exd5 Rxe1 13. Qxe1 Nxd5
14. Bd2 Ne5 15. Rd1 c5 16. Nb3 Bg4 17. Rb1 Qd6 18. Ne3 Bf3 19. Nxd5 Qxd5 20.
Qf1 f5 21. Bf4 Be4 22. Rd1 Qf7 23. Bxe4 fxe4 24. Bxe5 Bxe5 25. Qe2 Re8 26. g3
b6 27. Re1 Rf8 28. Qe3 a5 29. Re2 a4 30. Nd2 Qxa2 31. Qxe4 Bg7 32. Nc4 b5 33.
Nd6 Qb3 34. Kg2 b4 35. c4 Bd4 36. Qd5+ Kg7 37. Re7+ Kh6 38. Nf7+ Kg7 39. Ng5+
Kf6 40. Re6+ Kg7 41. Re7+ Kf6 42. Rf7+ Rxf7 43. Qxf7+ 1-0

[Event "KP 2024/25,Lazne Belohrad-TJ Nachod B"]
[Site "?"]
[Date "2024.11.24"]
[Round "3.4"]
[White "Sobotnik, Petr"]
[Black "Groh, Ladislav"]
[Result "1-0"]
[ECO "E94"]
[WhiteElo "1925"]
[BlackElo "1819"]
[Annotator "user"]
[PlyCount "33"]
[EventDate "2024.??.??"]
[TimeControl "40/5400+30:900+30"]

{587MB} 1. c4 Nf6 2. Nc3 g6 3. Nf3 Bg7 4. e4 d6 5. d4 Nbd7 6.
Be2 O-O 7. O-O e5 8. d5 h6 9. Bd2 Ne8 10. b4 f5 11. Ne1 fxe4 12. Nxe4 Qh4 13.
f3 Nef6 14. g3 Qh5 15. g4 Qh4 16. Ng2 Nxe4 17. Nxh4 1-0

[Event "KP 2024/25,Lazne Belohrad-TJ Nachod B"]
[Site "?"]
[Date "2024.11.24"]
[Round "3.6"]
[White "Pultar, Petr"]
[Black "Kykal, Zbynek"]
[Result "0-1"]
[ECO "D02"]
[WhiteElo "1891"]
[BlackElo "1843"]
[Annotator "user"]
[PlyCount "56"]
[EventDate "2024.??.??"]
[TimeControl "40/5400+30:900+30"]

{587MB} 1. d4 d5 2. Nf3 Bg4 3. c4 e6 4. Nc3 c6 5. Ne5 Bh5 6. c5 Nd7 7. Nd3 Ngf6
8. Bg5 Be7 9. h3 O-O 10. g4 Bg6 11. Nf4 e5 12. Nxg6 fxg6 13. e3 Ne4 14. Nxe4
Bxg5 15. Nxg5 Qxg5 16. h4 Qe7 17. Qe2 exd4 18. exd4 Qf6 19. Rh3 Qxd4 20. Rd1
Qxc5 21. Qe6+ Rf7 22. Re3 Nf6 23. g5 Re8 24. Qh3 Rxe3+ 25. fxe3 Ne4 26. Qc8+
Rf8 27. Qe6+ Kh8 28. Qh3 Qb4+ 0-1

[Event "KP 2024/25,Lazne Belohrad-TJ Nachod B"]
[Site "?"]
[Date "2024.11.24"]
[Round "3.7"]
[White "Kylar, Pavel"]
[Black "Bednar, Jiri"]
[Result "0-1"]
[ECO "A25"]
[WhiteElo "1815"]
[BlackElo "1876"]
[Annotator "user"]
[PlyCount "82"]
[EventDate "2024.??.??"]
[TimeControl "40/5400+30:900+30"]

{587MB} 1. c4 Nf6 2. Nc3 e5 3. g3 Nc6 4. Bg2 Bc5 5. e3 d6 6. Nge2 O-O 7. O-O a6
8. d4 Ba7 9. d5 Ne7 10. b3 Ne8 11. Qc2 f5 12. Bb2 Ng6 13. Rae1 Qg5 14. Bc1 Qh5
15. Kh1 Nf6 16. f3 Bd7 17. Ng1 Rae8 18. Qe2 f4 19. g4 Qh4 20. Qf2 Qxf2 21. Rxf2
fxe3 22. Bxe3 Bxe3 23. Rxe3 Nxg4 24. Rfe2 Nxe3 25. Rxe3 Nf4 26. Ne4 Bf5 27. Nd2
a5 28. Bf1 Rf6 29. Ne2 Nxe2 30. Bxe2 Kf7 31. Bf1 g5 32. Bg2 h5 33. Kg1 h4 34.
h3 Bg6 35. Bf1 Rf4 36. Be2 Re7 37. Kg2 Kf6 38. Ne4+ Bxe4 39. fxe4 Rf7 40. Bg4
Ke7 41. Re2 Rf1 0-1

[Event "KP 2024/25,Lazne Belohrad-TJ Nachod B"]
[Site "?"]
[Date "2024.11.24"]
[Round "3.8"]
[White "Vokurka, Vilem"]
[Black "Pochop, Karel ml."]
[Result "0-1"]
[ECO "D02"]
[WhiteElo "1659"]
[BlackElo "1827"]
[Annotator "user"]
[PlyCount "32"]
[EventDate "2024.??.??"]
[TimeControl "40/5400+30:900+30"]

{587MB} 1. d4 Nf6 2. Bf4 e6 3. e3 b6 4. Nf3 Bb7 5. Bd3 d5 6. Nbd2 Bd6 7. Bg3
Bxg3 8. hxg3 Qe7 9. Ne5 h6 10. g4 Nbd7 11. g5 Nxe5 12. gxf6 Nxd3+ 13. cxd3 Qxf6
14. Qc2 O-O 15. Nf3 Rfc8 16. b4 c5 0-1

[Event "KP 2024/25,Lazne Belohrad-TJ Nachod B"]
[Site "?"]
[Date "2024.11.26"]
[Round "3.5"]
[White "Vavra, Vojtech"]
[Black "Jirman, Jonas"]
[Result "1-0"]
[ECO "D94"]
[WhiteElo "1889"]
[BlackElo "1738"]
[Annotator "user"]
[PlyCount "67"]
[TimeControl "40/5400+30:900+30"]

1. d4 Nf6 2. c4 g6 3. Nc3 d5 4. Nf3 Bg7 5. e3 c5 6. dxc5 Qa5 7. Qa4+ Qxa4 8.
Nxa4 O-O 9. b4 Nc6 10. Bd2 Bf5 11. Rc1 Ne4 12. a3 d4 13. b5 dxe3 14. Bxe3 Na5
15. Nd4 Rfd8 16. Rd1 e5 17. Nxf5 Rxd1+ 18. Kxd1 gxf5 19. f3 Nf6 20. Kc2 a6 21.
Nb6 Ra7 22. Be2 axb5 23. cxb5 Ne8 24. Rd1 Bf6 25. Rd7 f4 26. Bd2 Kf8 27. c6 Be7
28. Nc8 Ra8 29. Nxe7 Nf6 30. Rc7 Ne8 31. cxb7 Nxc7 32. bxa8=Q+ Nxa8 33. Bxa5
Kxe7 34. b6 1-0

[Event "KP 2024/25,Jiskra N. Bydzov-J. Jaromer"]
[Site "?"]
[Date "2024.11.24"]
[Round "3.1"]
[White "Kohout, Matin"]
[Black "Hubka, Lubos"]
[Result "1/2-1/2"]
[ECO "B10"]
[WhiteElo "2016"]
[BlackElo "1996"]
[Annotator "batka,PC"]
[PlyCount "28"]
[EventDate "2024.??.??"]
[TimeControl "240+2"]

{600MB, Fritz10.ctg} 1. e4 c6 2. Bc4 d5 3. Bb3 e6 4. Nc3 Nd7 5. d3 Ngf6 6. Nf3
Bb4 7. O-O dxe4 8. Nxe4 O-O 9. c3 Be7 10. Qe2 Nxe4 11. dxe4 e5 12. Re1 Qc7 13.
Ng5 Bxg5 14. Bxg5 Nc5 1/2-1/2

[Event "KP 2024/25,Jiskra N. Bydzov-J. Jaromer"]
[Site "?"]
[Date "2024.11.24"]
[Round "3.2"]
[White "Prouza, Pavel"]
[Black "Prazak, Matous"]
[Result "1/2-1/2"]
[ECO "E73"]
[WhiteElo "1968"]
[BlackElo "1983"]
[Annotator "batka,PC"]
[PlyCount "37"]
[EventDate "2024.??.??"]
[TimeControl "240+2"]

{600MB, Fritz10.ctg} 1. d4 d6 2. c4 Nf6 3. Nc3 g6 4. e4 Bg7 5. Be2 Nbd7 6. f4
e5 7. fxe5 dxe5 8. d5 Nc5 9. Bf3 a5 10. Nge2 O-O 11. Ng3 Ne8 12. O-O Qe7 13.
Nb5 Bd7 14. a4 Bxb5 15. cxb5 f5 16. Qc2 fxe4 17. Nxe4 Nxe4 18. Qxe4 Nd6 19. Qe2
1/2-1/2

[Event "KP 2024/25,Jiskra N. Bydzov-J. Jaromer"]
[Site "?"]
[Date "2024.11.24"]
[Round "3.3"]
[White "Vanek, Tomas"]
[Black "Prouza, Tomas"]
[Result "0-1"]
[ECO "B01"]
[WhiteElo "1933"]
[BlackElo "1949"]
[Annotator "batka,PC"]
[PlyCount "104"]
[EventDate "2024.??.??"]
[TimeControl "240+2"]

{600MB, Fritz10.ctg} 1. e4 d5 2. exd5 Nf6 3. Bb5+ Bd7 4. Bxd7+ Qxd7 5. c4 c6 6.
Nf3 cxd5 7. Ne5 Qf5 8. d4 Nbd7 9. Nxd7 Qxd7 10. c5 g6 11. O-O Bg7 12. Bf4 O-O
13. Be5 Ng4 14. Bxg7 Kxg7 15. Nc3 h5 16. Qd3 Qc7 17. g3 Rfd8 18. b4 e5 19. Nb5
Qc6 20. Nd6 e4 21. Qb3 Rxd6 22. cxd6 Qxd6 23. Rac1 h4 24. Rc5 Rd8 25. h3 Nh6
26. Qe3 Nf5 27. Qf4 Qxf4 28. gxf4 Nxd4 29. Rd1 Ne2+ 30. Kh2 Nxf4 31. Rc7 b6 32.
b5 Nd3 33. Rd2 Ne5 34. Kg2 Nf3 35. Rd1 d4 36. Re7 Ng5 37. Rxa7 Rd5 38. a4 Ne6
39. Ra6 Nc5 40. Rxb6 Nxa4 41. Rc6 d3 42. b6 Rb5 43. Rd6 Nxb6 44. f3 Rb2+ 45.
Kg1 Nc4 46. Rd8 Ne3 47. Rc1 Rg2+ 48. Kh1 Re2 49. Rb1 exf3 50. Rxd3 f2 51. Rxe3
Rxe3 52. Rf1 Re1 0-1

[Event "KP 2024/25,Jiskra N. Bydzov-J. Jaromer"]
[Site "?"]
[Date "2024.11.24"]
[Round "3.4"]
[White "Wenke, Oldrich"]
[Black "Vanicek, Vojtech"]
[Result "1/2-1/2"]
[ECO "D12"]
[WhiteElo "1945"]
[BlackElo "1908"]
[Annotator "batka,PC"]
[PlyCount "49"]
[EventDate "2024.??.??"]
[TimeControl "240+2"]

{600MB, Fritz10.ctg} 1. b3 d5 2. Bb2 Bf5 3. Nf3 Nf6 4. e3 h6 5. Be2 e6 6. O-O
Be7 7. c4 O-O 8. d4 Nbd7 9. Nc3 c6 10. Rc1 Rc8 11. h3 Nb6 12. Ne5 dxc4 13. bxc4
c5 14. Qb3 cxd4 15. exd4 Nbd7 16. Nxd7 Qxd7 17. Rfd1 Ne4 18. Bf3 Ng5 19. Be2
Ne4 20. Ba3 Rfd8 21. Bxe7 Qxe7 22. Nxe4 Bxe4 23. Bf3 Bxf3 24. Qxf3 b6 25. Qb3
1/2-1/2

[Event "KP 2024/25,Jiskra N. Bydzov-J. Jaromer"]
[Site "?"]
[Date "2024.11.24"]
[Round "3.5"]
[White "Mrazek, Vladimir"]
[Black "Stanek, Petr"]
[Result "1/2-1/2"]
[ECO "A43"]
[WhiteElo "1857"]
[BlackElo "1930"]
[Annotator "batka,PC"]
[PlyCount "25"]
[EventDate "2024.??.??"]
[TimeControl "240+2"]

{600MB, Fritz10.ctg} 1. d4 c5 2. d5 Nf6 3. Nc3 g6 4. g3 Bg7 5. Bg2 d6 6. Nf3
O-O 7. O-O a6 8. a4 b6 9. e4 Bb7 10. Nd2 Qd7 11. Nc4 Qc7 12. f4 Nbd7 13. Bd2
1/2-1/2